 Dungeon Crawl Stone Soup version 0.21.1-1-g345015f (webtiles) character file.

3878 Mirai the Cleaver (level 10, -10/118 HPs)
             Began as a Demonspawn Berserker on Mar 2, 2018.
             Was a High Priest of Trog.
             Killed from afar by a gargoyle (23 damage)
             ... with a stone arrow
             ... on level 8 of the Dungeon.
             The game lasted 00:20:03 (6267 turns).

Mirai the Cleaver (Demonspawn Berserker)            Turns: 6267, Time: 00:20:03

Health: -10/118    AC: 25    Str: 19    XL:     10   Next: 0%
Magic:  10/10      EV:  2    Int:  9    God:    Trog [*****.]
Gold:   336        SH:  0    Dex: 14    Spells: 9/9 levels left

rFire    . . .     SeeInvis .   t - -2 hand axe (curse)
rCold    . . .     Gourm    .   (no shield)
rNeg     + + +     Faith    .   (armour currently unavailable)
rPois    +         Spirit   .   (helmet currently unavailable)
rElec    .         Reflect  .   (cloak currently unavailable)
rCorr    .         Harm     .   (gloves currently unavailable)
MR       .....     NoTele   +   (boots currently unavailable)
Stlth    ++........             (no amulet)
HPRegen  0.29/turn              u - ring of positive energy
MPRegen  0.12/turn              (no ring)

@: tree-form, berserk cooldown, very slightly contaminated, slowed, invisible,
very slow
A: nightstalker 1, powered by death 2
a: Berserk, Trog's Hand, Brothers in Arms, Burn Spellbooks, Renounce Religion


You were on level 8 of the Dungeon.
You worshipped Trog.
Trog was extremely pleased with you.
You were very hungry.
You were a tree.
You visited 1 branch of the dungeon, and saw 8 of its levels.
You also visited: Sewer.

You collected 336 gold pieces.

Inventory:

Hand Weapons
 o - a +1 hand axe
 s - a +0 hand axe
 t - a cursed -2 hand axe (weapon)
 N - a +3 hand axe
Missiles
 f - 3 tomahawks of returning (quivered)
Armour
 a - a +3 chain mail of positive energy (melded)
 q - a cursed +0 robe
 r - a +0 leather armour
 v - a +0 chain mail
 y - a cursed +0 scale mail
 z - a +0 pair of boots (melded)
 B - a cursed +0 leather armour
 C - a +0 leather armour
 D - a +0 chain mail
 E - a +0 ring mail
 F - a +0 robe
 G - a +0 robe
 H - a +0 ring mail
 I - a +0 pair of boots
 K - a +0 chain mail
 M - a +0 chain mail
Jewellery
 u - a ring of positive energy (left branch)
 w - an uncursed ring of magical power {unknown}
Wands
 g - a wand of flame (21)
 i - a wand of digging (6)
 l - a wand of clouds (5)
 p - a wand of iceblast (10)
 x - a wand of enslavement (18)
Scrolls
 d - 3 scrolls of identify
 A - a scroll of blinking
 L - a scroll of enchant weapon
Potions
 e - a potion of lignification
 h - a potion of flight
 k - 2 potions of heal wounds
 m - a potion of invisibility
 n - 2 potions of curing
Books
 b - a book of Minor Magic

   Spells                             Type                      Level
   a - Magic Dart                     Conjuration                  1
   b - Blink                          Translocation                2
   c - Call Imp                       Summoning                    2
   d - Slow                           Hexes                        2
   e - Conjure Flame                  Conjuration/Fire             3
   f - Mephitic Cloud                 Conjuration/Poison/Air       3
   Trog disapproves of the use of such an item.
Comestibles
 c - 18 rations
 J - 4 chunks of flesh


   Skills:
 + Level 7.2 Fighting
 + Level 9.8 Axes
 + Level 6.6 Armour
 + Level 3.5 Dodging


You had 9 spell levels left.
You didn't know any spells.

Dungeon Overview and Level Annotations

Branches:
Dungeon (8/15)             Temple (0/1) D:7
   Lair: D:8-11

Altars:
Fedhas
Kikubaaqudgha
Okawaru
Sif Muna


Innate Abilities, Weirdness & Mutations

((You have a pair of small horns on your head.))
((You are completely covered in thin metallic scales. (AC +4, rElec)))
You are slightly more attuned to the shadows.
You regenerate health from kills.


Message History

The orc warrior hits you but does no damage.
The gargoyle hurls a stone arrow at you.
The stone arrow hits you!
The orc warrior hits you but does no damage.
It was a potion of invisibility.
You fade into invisibility!
The gargoyle hurls a stone arrow at you.
Helpless, you fail to dodge the stone arrow.
* * * LOW HITPOINT WARNING * * *
The orc warrior hits you but does no damage.
You are very lightly contaminated with residual magic.
It was a potion of berserk rage.
You're still recovering from your berserk rage.
The gargoyle hurls a stone arrow at you.
Helpless, you fail to dodge the stone arrow.
* * * LOW HITPOINT WARNING * * *
The orc warrior hits you but does no damage.
The gargoyle hurls a stone arrow at you.
Helpless, you fail to dodge the stone arrow.
You die...

#### # ... # # . #.. .
. #.##.##.# #########.#
#.#o9.#.# #.......#.#
#...♣)..# #.####.....
###..)### #.####..#.#
#...# #†##...<..# #.(.#
###÷##.#..###
#...###..........
#####.................
...............#...####
>...................
.>.............##..#


You could see an orc warrior and a gargoyle.

Vanquished Creatures
  A hippogriff (D:7)
  Sigmund (D:6)
  A hungry ghost (D:7)
  5 ice beasts
  An orc warrior (D:6)
  A black bear (D:6)
  5 ogres
  2 sky beasts
  A phantom (D:5)
  2 centaurs
  2 big kobolds
  2 bullfrogs (D:7)
  A water moccasin skeleton (D:7)
  A scorpion (D:7)
  5 wights (D:7)
  3 howler monkeys
  4 crimson imps
  4 bullfrog zombies
  A hound (D:4)
  5 orc priests
  3 orc wizards
  A centaur skeleton (D:6)
  Jessica (D:2)
  A bullfrog skeleton (D:5)
  Natasha (D:3)
  5 iguanas
  5 worker ants
  2 worker ant zombies
  4 gnolls (D:8)
  12 adders
  A shadow imp (D:7)
  An ooze (D:5)
  2 adder skeletons
  2 worms (D:2)
  4 dart slugs
  5 leopard geckos
  21 orcs
  9 bats
  5 giant cockroaches
  3 hobgoblins
  21 jackals
  2 quokkas
  5 ball pythons
  10 frilled lizards
  9 goblins
  14 kobolds
  A quokka skeleton (D:6)
  14 rats
212 creatures vanquished.

Notes
Turn   | Place    | Note
-------+----------+-------------------------------------------
     0 | D:1      | Mirai the Demonspawn Berserker began the quest for the Orb.
     0 | D:1      | Reached XP level 1. HP: 18/18 MP: 1/1
   198 | D:1      | Gained mutation: You regenerate a little health from kills. [demonic ancestry]
   198 | D:1      | Reached XP level 2. HP: 11/24 MP: 2/2
   312 | D:1      | Reached skill level 3 in Axes
   512 | D:1      | Reached ** piety under Trog
   649 | D:1      | Gained mutation: You are partially covered in thin metallic scales. (AC +2) [demonic ancestry]
   649 | D:1      | Reached XP level 3. HP: 29/29 MP: 3/3
   883 | D:2      | Noticed Jessica
   893 | D:2      | Killed Jessica
   893 | D:2      | Reached XP level 4. HP: 36/36 MP: 4/4
   991 | D:2      | Reached skill level 4 in Axes
  1001 | D:2      | Found a blossoming altar of Fedhas.
  1341 | D:2      | Found a deep blue altar of Sif Muna.
  1621 | D:3      | Gained mutation: You are slightly more attuned to the shadows. [demonic ancestry]
  1621 | D:3      | Reached XP level 5. HP: 40/42 MP: 5/5
  2056 | D:3      | Noticed an ogre
  2065 | D:3      | Killed an ogre
  2120 | D:3      | Noticed Natasha
  2131 | D:3      | Killed Natasha
  2131 | D:3      | Gained mutation: You have a pair of small horns on your head. [demonic ancestry]
  2131 | D:3      | Reached XP level 6. HP: 44/48 MP: 6/6
  2330 | D:3      | Reached skill level 5 in Axes
  2820 | D:4      | Found a glowing drain.
  2833 | D:4      | Reached *** piety under Trog
  2853 | Sewer    | Entered a sewer
  2940 | Sewer    | Gained mutation: You regenerate health from kills. [demonic ancestry]
  2940 | Sewer    | Reached XP level 7. HP: 55/55 MP: 7/7
  2964 | Sewer    | Found a glowing silver altar of Zin.
  3167 | D:4      | Reached skill level 6 in Axes
  3269 | D:4      | You fall through a shaft!
  3269 | D:5      | Entered Level 5 of the Dungeon
  3298 | D:4      | Found an iron altar of Okawaru.
  3631 | D:5      | Gained mutation: You are mostly covered in thin metallic scales. (AC +3) [demonic ancestry]
  3631 | D:5      | Reached XP level 8. HP: 42/61 MP: 8/8
  3723 | D:5      | Reached skill level 5 in Fighting
  3723 | D:5      | Reached skill level 7 in Axes
  3960 | D:5      | Reached **** piety under Trog
  4259 | D:6      | Reached skill level 8 in Axes
  4731 | D:6      | Reached skill level 5 in Armour
  4750 | D:6      | Noticed Sigmund
  4753 | D:6      | Gained mutation: You are completely covered in thin metallic scales. (AC +4, rElec) [demonic ancestry]
  4753 | D:6      | Reached XP level 9. HP: 69/69 MP: 9/9
  4762 | D:6      | Killed Sigmund
  4811 | D:6      | Found an ancient bone altar of Kikubaaqudgha.
  5241 | D:7      | Reached skill level 9 in Axes
  5342 | D:7      | Found a blossoming altar of Fedhas.
  5607 | D:7      | Reached ***** piety under Trog
  5817 | D:7      | Found a staircase to the Ecumenical Temple.
  6236 | D:8      | Noticed a gargoyle
  6258 | D:8      | Reached XP level 10. HP: 37/79 MP: 10/10
  6267 | D:8      | Killed from afar by a gargoyle

Skill      XL: |  1  2  3  4  5  6  7  8  9 |
---------------+----------------------------+-----
Axes           | 3 4 5 6 8 9 |  9.8
Dodging        | 2 3 |  3.5
Armour         | 2 3 4 5 6 |  6.6
Fighting       | 4 6 7 |  7.2

Action                   |  1- 3 |  4- 6 |  7- 9 | 10-12 || total
-------------------------+-------+-------+-------+-------++-------
Melee: Hand axe          |   121 |   213 |   552 |     6 ||   892
       Headbutt          |       |    10 |    99 |       ||   109
Invok: Berserk           |     3 |     3 |     9 |       ||    15
  Use: Scroll            |       |     9 |     3 |       ||    12
       Potion            |       |       |     8 |     3 ||    11
 Stab: Distracted        |     1 |       |       |       ||     1
  Eat: Chunk             |     1 |    11 |    20 |       ||    32
Armor: Robe              |     1 |       |       |       ||     1
       Animal skin       |     1 |       |       |       ||     1
       Chain mail        |    82 |   158 |   342 |       ||   582
       Skin              |       |       |    19 |    11 ||    30
Dodge: Dodged            |    68 |   126 |   248 |     2 ||   444
